AoeStats
← Leão

Arabia

507364513Analyzed
3v3 RM · 15d ago on Sep 17, 2026· 49m 19s· 6 players
Game mode
Random Map
Map size
Normal (6 player)
Population
200
Speed
Normal
Resources
Standard
Victory
Conquest
Starting age
Dark Age
Ending age
Imperial Age
RankedLock teamsTeams togetherTeam positionsShared explorationLock speedFull tech treeHidden civsTurbo modeCheats
Victory
Defeat
🇧🇷 Franks · Brazil
1321
+12
🇧🇷 Vietnamese · Brazil
1288
+13
🇧🇷 Britons · Brazil
1282
+13
🇨🇭 Magyars · Switzerland
1305
-15
🇸🇪 Saracens · Sweden
1203
-12
1172
-11
Leão
6:36 Loom
8:51 Feudal Age
9:34 Double-Bit Axe
17:24 Fletching
24:08 Castle Age
22:57 Padded Archer Armor
24:23 Crossbowman
25:00 Bodkin Arrow
26:30 Bow Saw
31:00 Leather Archer Armor
32:27 Ballistics
32:09 Stone Mining
32:09 Gold Mining
35:44 Wheelbarrow
34:54 Town Watch
42:08 Imperial Age
40:34 Yeomen
43:21 Gold Shaft Mining
42:17 Arbalester
42:59 Bracer
44:50 Ring Archer Armor
45:23 Chemistry
45:02 Conscription
47:16 Two-Man Saw
47:56 Warwolf
wandersonkilim
7:04 Loom
8:54 Feudal Age
8:48 Loom
10:26 Double-Bit Axe
20:46 Town Watch
23:06 Castle Age
23:53 Forging
23:27 Pikeman
24:14 Town Watch
28:19 Scale Barding Armor
38:17 Scale Mail Armor
40:15 Bow Saw
39:59 Gold Mining
41:28 Wheelbarrow
42:11 Husbandry
42:33 Chain Barding Armor
42:49 Iron Casting
46:06 Imperial Age
44:12 #83
45:04 Gold Shaft Mining
46:06 Hand Cart
46:09 Town Patrol
46:34 Stone Mining
46:09 Cavalier
47:38 Plate Barding Armor
48:23 Conscription
50:46 Blast Furnace
KID EmSexto
7:15 Loom
9:48 Feudal Age
10:14 Double-Bit Axe
13:42 Fletching
22:26 Castle Age
20:44 Gold Mining
21:35 Horse Collar
22:40 Crossbowman
23:17 Bodkin Arrow
24:34 Bow Saw
25:36 Padded Archer Armor
27:02 Leather Archer Armor
28:20 Thumb Ring
28:54 Stone Mining
29:33 Heavy Plow
35:14 Wheelbarrow
40:04 Imperial Age
38:27 Ballistics
41:15 Stone Shaft Mining
40:07 Arbalester
41:23 Bracer
42:55 Ring Archer Armor
43:25 Elite Skirmisher
44:42 Hand Cart
47:12 Two-Man Saw
LaPythieDeDelphes
2:27 Loom
10:39 Feudal Age
12:11 Double-Bit Axe
20:28 Castle Age
18:31 Horse Collar
22:02 Husbandry
22:41 Bloodlines
24:12 Bow Saw
24:48 Fletching
24:59 Padded Archer Armor
25:18 Heavy Plow
25:50 Stone Mining
26:07 Bodkin Arrow
27:42 Wheelbarrow
27:42 Gold Mining
三只蚂蚁国际集运
0:58 Loom
11:47 Feudal Age
18:26 Castle Age
19:15 Stone Mining
19:11 Double-Bit Axe
19:44 Padded Archer Armor
20:13 Fletching
20:21 Horse Collar
22:31 Leather Archer Armor
26:18 Forging
30:02 Heavy Plow
31:31 Bodkin Arrow
31:50 Masonry
32:01 Ballistics
33:14 Gold Mining
37:09 Imperial Age
34:36 Treadmill Crane
34:53 Murder Holes
36:02 Wheelbarrow
36:47 Stone Shaft Mining
36:49 Iron Casting
36:48 Town Watch
37:14 Scale Barding Armor
38:15 Conscription
38:11 Bracer
38:48 Architecture
39:52 Chemistry
39:31 Light Cavalry
40:22 Bloodlines
40:14 Husbandry
41:35 Ring Archer Armor
44:47 Chain Barding Armor
44:23 Guard Tower
44:49 Bow Saw
44:38 Hussar
47:15 Hand Cart
scarabe
7:48 Loom
10:45 Feudal Age
11:45 Double-Bit Axe
17:59 Castle Age
16:24 Horse Collar
18:42 Bloodlines
19:45 Scale Barding Armor
20:40 Forging
21:17 Gold Mining
24:18 Iron Casting
28:49 Fletching
31:03 Wheelbarrow
36:08 Imperial Age
35:26 Husbandry
35:27 Town Watch
36:13 Heavy Camel Rider
38:01 Chain Barding Armor
43:46 Onager
45:21 Bodkin Arrow
Connection lost

Rejoining the realm…

Still unreachable

The connection could not be restored.

Session expired

The server has moved on; the page needs a fresh start.